[Event "Austrian Women Bundesliga 2023-24"]
[Site "Austria"]
[Date "2024.04.14"]
[Round "9.10"]
[White "Rojickova, Monika"]
[Black "Vidic, Teja"]
[Result "1-0"]
[ECO "C70"]
[WhiteElo "2072"]
[BlackElo "2139"]
[Annotator "TA"]
[PlyCount "131"]
[EventDate "2023.11.21"]
[EventType "team-tourn"]
[EventCountry "AUT"]
[SourceTitle "playchess.com"]
[Source "ChessBase"]
[SourceQuality "1"]
[TimeControl "40/5400+30:1800+30"]

1. e4 e5 2. Nf3 Nc6 3. Bb5 a6 4. Ba4 Bc5 5. c3 Nge7 6. d4 exd4 7. cxd4 Bb4+ 8. Nc3 {[%emt 0:08:58] White has an edge.} d5 9. exd5 Nxd5 10. O-O O-O 11. Qd3 Nce7 12. Ng5 Bf5 13. Qf3 c6 14. Bb3 Bg6 15. Rd1 Ba5 16. Nce4 ({White should play} 16. Nge4 $11) 16... Qc7 17. h4 h5 18. Ng3 Nf6 19. Nh3 Rad8 (19... Ned5 $11 {keeps the balance.}) 20. Bg5 $16 Ned5 21. Bxf6 (21. Bxd5 $16 Nxd5 22. Bxd8 (22. Nxh5 f6 $11) 22... Qxd8 23. Ng5 (23. Nxh5 Qxh4 24. N5f4 Nxf4 $16)) 21... Nxf6 $11 22. Nf4 Nd5 23. Ngxh5 Qd6 24. Nxd5 cxd5 25. Ng3 Bc7 26. Rac1 Be4 27. Qh5 Rfe8 28. Re1 (28. Rc3 $16) 28... Re6 {[%emt 0:01:04] [#]} (28... Qf4 $1 $14) 29. Rxe4 Rxe4 30. Nxe4 Qh2+ 31. Kf1 Qh1+ (31... dxe4 32. Qxf7+ Kh8 33. Qh5#) 32. Ke2 Qxc1 33. Bxd5 $40 {[%emt 0:01:07][%mdl 128] Black needs to defend precisely.} Qxb2+ $2 (33... Rf8 $11 {and Black is okay.}) 34. Kf3 $18 Qa3+ (34... Qxd4 35. Qxf7+ Kh8 36. Qh5#) 35. Bb3 {[%emt 0:00:15][%mdl 1024] White has strong compensation.} Qe7 (35... Rxd4 36. Qxf7+ Kh8 37. Qh5#) 36. Ng5 {[%emt 0:01:05] Qh7+ would kill now.} Qf6+ (36... Rxd4 37. Qh7+ Kf8 38. Qh8#) 37. Ke2 Rd7 (37... Rxd4 $2 38. Bxf7+ (38. Nxf7 $2 Re4+ 39. Kf1 Qa1+ 40. Qd1 Qxd1+ 41. Bxd1 Ba5 $19) 38... Kf8 39. Nh7+ Ke7 40. Nxf6 $18) 38. Qh7+ ({White should try} 38. Be6 $1 $18 Qh6 (38... Qxd4 $2 39. Bxf7+ Kf8 40. Ne6+ Ke7 41. Nxd4 $18) 39. Qxh6 (39. Nxf7 $2 Qxh5+ 40. f3 Rxf7 $19) (39. Bxf7+ Kh8 $16) 39... gxh6 40. Bxd7 hxg5 41. h5 (41. hxg5 Bf4 $18)) 38... Kf8 $16 39. Qh8+ Ke7 {[%emt 0:00:05] [#]} 40. Nh7 $1 {[%emt 0:01:18] Dancing on a razor blade. White is more active.} Rd8 {[%emt 0:01:46] Dodges Qf8+} (40... Qxh4 41. Qf8#) 41. Qxd8+ Bxd8 42. Nxf6 Kxf6 {[%emt 0:00:03][%mdl 4096] Endgame. KB-KB} 43. g4 Kg6 44. h5+ Kg5 45. f3 f5 46. Be6 fxg4 47. fxg4 b5 (47... Kf4 $14) 48. Ke3 b4 49. Ke4 a5 50. Kd5 (50. Bd7 $16) 50... Bb6 (50... a4 $14) 51. Kc4 $18 {[%emt 0:01:40] aiming for Bf5.} Kf6 (51... Kf4 $16 52. Bc8 Bd8) 52. Bf5 Ba7 53. Bc8 Bb6 54. d5 Ke5 55. g5 {[%emt 0:01:04][%cal Bg4g5,Bg5g6][%mdl 32] Strongly threatening h6.} Be3 56. g6 Bd2 57. Bd7 Kf6 $2 (57... b3 $16 58. axb3 (58. Kxb3 Kxd5 59. Kc2 Bh6 $14) 58... Kd6) 58. Ba4 (58. d6 Ke5 $14) 58... Kg5 {[%emt 0:00:41] [#]} 59. Bd1 {[%emt 0:00:15] Hoping for d6.} a4 60. d6 $1 {[%emt 0:00:57] White mates.} (60. Bxa4 Kxh5 61. d6 Kxg6 $11) 60... b3 61. d7 Ba5 62. axb3 (62. Kb5 Bd8 63. a3 (63. Kxa4 bxa2 64. Kb3 a1=Q 65. Be2 Bf6 66. Kb4 Qb2+ 67. Kc5 Qxe2 68. h6 Kxh6 69. Kb4 Qd3 70. d8=B Qd4+ 71. Kb3 Bxd8 72. Kc2 Bf6 73. Kb3 Qc5 74. Ka4 Qc4+ 75. Ka3 Qb5 76. Ka2 Qb2#) (63. axb3 $2 a3 $19) 63... b2 $14) 62... a3 63. b4 a2 64. bxa5 a1=Q 65. d8=Q+ ({And not} 65. d8=R Qc1+ (65... Qxa5 66. Rd5+ Kh6 67. Rxa5 $11) 66. Kb5 Qb1+ (66... Qb2+ 67. Kc4 $11) 67. Kc5 Qc1+ 68. Kb5 Qb2+ 69. Kc4 Qf6 70. Rd5+ Kh6 $11) 65... Kf5 66. Qd5+ {[%emt 0:00:08] Weighted Error Value: White=0.15 (very precise) /Black=0.36.  Loses game:     	---       	Black=2      Missed win:     	---       	Black=1      Mistake:       	White=6     	Black=6      Inaccurate:     	White=4     	Black=6      OK:         	White=17    	Black=18     Best:        	White=10    	Black=6      Strong:       	White=1     	---} 1-0

[Event "Austrian Women Bundesliga 2023-24"]
[Site "Austria"]
[Date "2024.04.14"]
[Round "9.11"]
[White "Kordzadze, Nino"]
[Black "Bruessow, Nina"]
[Result "1-0"]
[ECO "A46"]
[WhiteElo "1976"]
[BlackElo "1884"]
[Annotator "NA RC"]
[PlyCount "82"]
[EventDate "2023.11.21"]
[EventType "team-tourn"]
[EventCountry "AUT"]
[SourceTitle "playchess.com"]
[Source "ChessBase"]
[SourceQuality "1"]
[TimeControl "40/5400+30:1800+30"]

1. d4 Nf6 2. Nf3 e6 3. Bg5 c5 4. e3 Nc6 5. c3 a6 6. e4 h6 7. Bxf6 Qxf6 8. d5 exd5 9. exd5 Ne5 10. Nxe5 Qxe5+ 11. Qe2 Bd6 12. Nd2 b5 13. O-O-O O-O 14. Qxe5 Bxe5 15. g3 f5 16. f4 Bf6 17. Nb3 d6 18. Na5 Re8 19. a4 Rb8 20. Bd3 Bd7 21. axb5 axb5 22. Kd2 g6 23. g4 fxg4 24. Bxg6 Rf8 25. Rhg1 Bg7 26. Nc6 Rb6 27. Ne7+ Kh8 28. Bh5 Ra8 29. Bxg4 Bxg4 30. Rxg4 b4 31. Rdg1 bxc3+ 32. bxc3 Bf6 33. Rg6 Bxc3+ 34. Kxc3 Ra3+ 35. Kc2 Ra2+ 36. Kd3 Rb3+ 37. Ke4 Re2+ 38. Kf5 Rxe7 39. Rxh6+ Rh7 40. Rxh7+ Kxh7 41. Ke6 c4 1-0

[Event "Austrian Women Bundesliga 2023-24"]
[Site "Austria"]
[Date "2024.04.14"]
[Round "9.12"]
[White "Wielander, Magdalena"]
[Black "Molnar, Monika"]
[Result "1/2-1/2"]
[ECO "B01"]
[WhiteElo "1622"]
[BlackElo "1845"]
[Annotator "NA RC"]
[PlyCount "62"]
[EventDate "2023.11.21"]
[EventType "team-tourn"]
[EventCountry "AUT"]
[SourceTitle "playchess.com"]
[Source "ChessBase"]
[SourceQuality "1"]
[TimeControl "40/5400+30:1800+30"]

1. e4 d5 2. exd5 Qxd5 3. Nc3 Qa5 4. d4 Nf6 5. Bd2 c6 6. Nf3 Bf5 7. Bc4 e6 8. Nh4 Bg6 9. Nxg6 hxg6 10. a3 Qc7 11. g3 Bd6 12. Qf3 Nbd7 13. O-O-O O-O-O 14. Ne2 Nb6 15. Ba5 Nfd5 16. Ba2 c5 17. c4 Nf6 18. Nc3 Kb8 19. Nb5 Qc6 20. Qxc6 bxc6 21. Nxd6 Rxd6 22. Bxb6 axb6 23. dxc5 Rxd1+ 24. Rxd1 bxc5 25. h4 Kc7 26. f3 Rb8 27. Rd3 Nd7 28. f4 Nf6 29. Bb1 Ne4 30. Re3 Nd6 31. b3 Ra8 1/2-1/2

[Event "Austrian Women Bundesliga 2023-24"]
[Site "Austria"]
[Date "2024.04.14"]
[Round "9.13"]
[White "Danielian, Elina"]
[Black "Polterauer, Chiara"]
[Result "1-0"]
[ECO "A34"]
[WhiteElo "2397"]
[BlackElo "2194"]
[Annotator "TA"]
[PlyCount "93"]
[EventDate "2023.11.21"]
[EventType "team-tourn"]
[EventCountry "AUT"]
[SourceTitle "playchess.com"]
[Source "ChessBase"]
[SourceQuality "1"]
[TimeControl "40/5400+30:1800+30"]

1. Nf3 Nf6 2. c4 c5 3. g3 Nc6 4. Bg2 d5 5. cxd5 Nxd5 6. O-O e5 7. Nc3 Nc7 8. d3 Be7 9. Nd2 O-O 10. Bxc6 bxc6 11. Nc4 f6 12. Qa4 Bh3 13. Rd1 Qd7 14. f3 {[%emt 0:12:33] The position is equal.} Nb5 15. Be3 Rab8 16. Bf2 Nd4 17. Rd2 Rfd8 18. Qd1 Be6 {[%emt 0:02:32] ...Bxc4 would now be deadly.} 19. b3 Bxc4 20. bxc4 Rb4 21. Kg2 Rdb8 22. e3 Ne6 23. a3 Rb3 24. Nb5 R3xb5 25. cxb5 cxb5 26. a4 {[%emt 0:00:52] axb5 is the strong threat.} b4 27. Qb3 Kf8 28. h4 {[%emt 0:09:15] Repels Ng5} f5 29. Rc1 (29. Qc4 {simplifies} Rd8 30. Re1 Qd5 31. Qxd5 Rxd5 32. e4) 29... g5 30. hxg5 Nxg5 31. Rdd1 f4 32. Rh1 $16 {[%emt 0:01:45] Chess con chili.} (32. exf4 $2 Qh3+ 33. Kg1 Nxf3#) 32... fxg3 33. Bxg3 Qf5 $2 {[%emt 0:00:06] Black cannot hold the game after this.} (33... Rd8 $16) 34. Rcf1 $1 $18 {[%emt 0:00:14] Strongly threatening f4.} (34. Qd5 Rd8 35. Qxe5 Qxf3+ 36. Kg1 Rxd3 37. Qh8+ Kf7 38. Rxh7+ Nxh7 39. Qxh7+ Ke6 40. Qxd3 Qxg3+ 41. Kf1 Qf3+ 42. Ke1 Qh1+ 43. Qf1 (43. Kd2 Qg2+ 44. Kd1 Qd5 $11) 43... Qxf1+ 44. Kxf1 b3 $11) 34... Nf7 {[%emt 0:00:19] [#]} 35. e4 $1 Qg6 {[%emt 0:01:13] [#]} 36. f4 $1 Kg7 $2 (36... Rd8 {was worth a try.} 37. f5 (37. fxe5 Ke8 $16) 37... Qg7) 37. f5 Qf6 38. Kf2 h6 39. Rfg1 Ng5 40. Ke2 ({Resist} 40. Qd5 Rd8 41. Bxe5 (41. Qxe5 c4 $18) 41... Rxd5 $18) 40... Rd8 {[%emt 0:00:33] Against Qd5} 41. Bf2 {[%emt 0:07:03] Prevents Rd4.} a5 42. Be3 Qd6 (42... Qa6 $142 43. Rc1 Rc8) 43. Rh5 Rh8 44. Qc4 {[%emt 0:02:19][%cal Re3g5] Threatens to win with Bxg5.} Qd8 {[%emt 0:13:11] Black is weak on the light squares} 45. Qe6 {[%emt 0:06:16] White mates.} Bf6 46. Bxg5 hxg5 {[%emt 0:00:06] [#]} 47. Rgxg5+ $3 {[%emt 0:00:57][%mdl 512] Weighted Error Value: White=0.16 (very precise) /Black=0.49.  Mistake:       	---       	Black=4      Inaccurate:     	White=1     	Black=3      OK:         	White=9     	Black=13     Best:        	White=2     	---        Strong:       	White=3     	---} 1-0

[Event "Austrian Women Bundesliga 2023-24"]
[Site "Austria"]
[Date "2024.04.14"]
[Round "9.14"]
[White "Schloffer, Jasmin-Denise"]
[Black "Papp, Sarah"]
[Result "0-1"]
[ECO "E46"]
[WhiteElo "2167"]
[BlackElo "2281"]
[Annotator "TA"]
[PlyCount "84"]
[EventDate "2023.11.21"]
[EventType "team-tourn"]
[EventCountry "AUT"]
[SourceTitle "playchess.com"]
[Source "ChessBase"]
[SourceQuality "1"]
[TimeControl "40/5400+30:1800+30"]

1. d4 Nf6 2. c4 e6 3. Nc3 Bb4 4. e3 O-O 5. Bd2 c5 6. a3 Bxc3 7. Bxc3 Ne4 8. Ne2 {[%emt 0:00:09] The position is equal.} b6 9. d5 Ba6 10. Qc2 exd5 (10... f5 {simplifies} 11. Ng3 exd5 12. Nxe4 dxe4 13. Qd2 Rf7) 11. cxd5 Qh4 (11... Nxc3 {simplifies} 12. Nxc3 Bxf1 13. Kxf1 d6) 12. g3 Qg4 13. Bg2 {[%emt 0:03:52] Prevents Qf3.} Nxc3 (13... Qxe2+ {simplifies} 14. Qxe2 Bxe2 15. Bxe4 Bc4) 14. Nxc3 ({Of course not} 14. bxc3 d6 $11) 14... d6 15. Qe4 Qg6 (15... Qxe4 $11 16. Nxe4 Nd7) 16. Qxg6 hxg6 17. Ne4 Nd7 18. Nxd6 Ne5 {[%emt 0:01:13] Hoping for ...Nd3+.} 19. a4 Nd3+ $1 20. Kd2 Nxf2 21. Rhb1 {[%emt 0:02:38] [#]} (21. Rhg1 $11) 21... Bd3 $1 $17 22. Rc1 Rad8 23. Nb5 Be4 {[%emt 0:01:38] Black is more active.} 24. Bxe4 (24. Ke2 $142 Bxg2 25. Kxf2 Bxd5 26. Nxa7) 24... Nxe4+ 25. Ke2 a6 (25... Rxd5 $19 {Threatens to win with ...Rd2+.} 26. Rc2 Rfd8) 26. Nc3 $15 Nxc3+ 27. bxc3 Rxd5 {[%emt 0:00:19][%mdl 4096] Endgame. KRR-KRR} 28. c4 Rh5 29. h4 g5 30. hxg5 Rxg5 31. Kf3 {[%emt 0:01:18] [#]} (31. a5 $142) 31... Re8 (31... a5 $1 $17 32. Rd1 Rg6) 32. Rab1 ({White should play} 32. a5 $15 Rf5+ 33. Ke2 bxa5 34. Rxa5) 32... Re6 33. Rg1 Rf6+ 34. Ke2 Rg4 35. Rbc1 (35. Rgf1 $17 {was necessary.}) 35... Kf8 36. Kd3 Ke7 37. a5 Rd6+ 38. Kc3 (38. Ke2 $142) 38... b5 $19 ({Resist} 38... bxa5 39. Ra1 $17) 39. cxb5 axb5 40. Ra1 Ra6 ({But not} 40... Rc4+ 41. Kb2 Rd2+ 42. Kb1 Rb4+ 43. Kc1 $19) 41. Kb3 Rb4+ 42. Kc3 Ra4 {[%emt 0:00:40] Weighted Error Value: White=0.22 (precise) /Black=0.12 (very precise) .  Mistake:       	White=6     	Black=3      Inaccurate:     	White=2     	---        OK:         	White=11    	Black=16     Best:        	---       	Black=2      Strong:       	---       	Black=2} 0-1

[Event "Austrian Women Bundesliga 2023-24"]
[Site "Austria"]
[Date "2024.04.14"]
[Round "9.15"]
[White "Matnadze Bujiashvili, Ann"]
[Black "Konecny, Sophie"]
[Result "1-0"]
[ECO "E01"]
[WhiteElo "2359"]
[BlackElo "1907"]
[Annotator "TA"]
[PlyCount "97"]
[EventDate "2023.11.21"]
[EventType "team-tourn"]
[EventCountry "AUT"]
[SourceTitle "playchess.com"]
[Source "ChessBase"]
[SourceQuality "1"]
[TimeControl "40/5400+30:1800+30"]

1. d4 Nf6 2. Nf3 e6 3. c4 d5 4. g3 Bd6 5. Bg2 O-O 6. Nc3 h6 7. O-O Nc6 8. b3 {[%emt 0:05:40] White is slightly better.} dxc4 9. bxc4 e5 10. e3 Bf5 11. Nb5 (11. Bb2 $14 {deserves consideration.}) 11... e4 12. Nd2 Re8 13. Nxd6 Qxd6 14. Rb1 b6 15. Qa4 a5 16. Ba3 Nb4 17. Qb3 Qe6 18. Bb2 Bh3 (18... Bg6 $11) 19. d5 $16 Qf5 20. Bxh3 Qxh3 21. Bxf6 gxf6 22. f3 f5 23. fxe4 fxe4 24. Rf4 Nd3 25. Rxe4 (25. Rh4 $16 Qf5 26. Nxe4 (26. Rxh6 $2 Qf2+ 27. Kh1 Ne1 $19) 26... Rxe4 27. Qxd3) 25... Nc5 $11 26. Rxe8+ Rxe8 27. Qc3 Qf5 (27... Qh5 $11 {keeps the balance.}) 28. Rf1 $16 Ne4 {[%emt 0:02:16] [#] aiming for ...Qxf1+.} 29. Qd4 (29. Rxf5 Nxc3 30. Rf3 Nxa2 $11) 29... Qe5 30. Nf3 (30. Qxe5 $16 Rxe5 31. Nf3) 30... Qh5 (30... Qe7 $11) 31. Kg2 (31. Nh4 $16) 31... Qg4 32. Ng1 h5 33. Rf4 {[%emt 0:00:10] Dancing on a razor blade.} Qg6 34. Nh3 (34. Nf3 $14 Nd6 35. Ne5 Qc2+ (35... Qg7 36. Nd7 $16) 36. Rf2 Qe4+ 37. Qxe4 Nxe4 38. Rf5 (38. Nxf7 $2 {perishes.} Nxf2 39. Ng5 Ng4 $19)) 34... Nd6 $11 35. Qc3 Ne4 {[%emt 0:00:31] Prevents Nf2} (35... Nf5 $11 {remains equal.} 36. e4 Nd6) 36. Qd4 (36. Qd3 $16) 36... Nd6 37. Qc3 ({Better is} 37. g4 $11) 37... Ne4 $16 38. Qc2 f5 (38... Nc5 $16 {was worth a try.} 39. Qxg6+ fxg6) 39. Nf2 Kh7 $2 (39... Nd6 $16 {was called for.}) 40. Qd3 $2 (40. Nxe4 $18 Rxe4 41. Rxe4 fxe4 42. Qf2) 40... Kh6 $2 (40... Nd6 $16 41. Qd4 Qg7) 41. Nxe4 $18 Rxe4 42. Rxe4 fxe4 {[%emt 0:00:04][%mdl 4096] Endgame. KQ-KQ} 43. Qf1 Kg7 44. Qf4 Qf6 45. Qxf6+ {[%emt 0:10:16] White mates.} Kxf6 46. h4 a4 {[%emt 0:04:05] [#]} 47. g4 $1 hxg4 (47... Kg6 48. gxh5+) 48. Kg3 Kf5 49. a3 {[%emt 0:00:43] Weighted Error Value: White=0.23 (precise) /Black=0.55.  Loses game:     	---       	Black=2      Missed win:     	White=1     	---        Mistake:       	White=7     	Black=5      Inaccurate:     	White=2     	Black=3      OK:         	White=11    	Black=11     Best:        	White=4     	Black=4} 1-0

[Event "Austrian Women Bundesliga 2023-24"]
[Site "Austria"]
[Date "2024.04.14"]
[Round "9.16"]
[White "Wu, Min"]
[Black "Zatonskih, Anna"]
[Result "1/2-1/2"]
[ECO "C01"]
[WhiteElo "1938"]
[BlackElo "2342"]
[Annotator "TA"]
[PlyCount "63"]
[EventDate "2023.11.21"]
[EventType "team-tourn"]
[EventCountry "AUT"]
[SourceTitle "playchess.com"]
[Source "ChessBase"]
[SourceQuality "1"]
[TimeControl "40/5400+30:1800+30"]

1. e4 e6 2. d4 d5 3. exd5 exd5 4. Nf3 Nc6 5. Bb5 Bd6 6. c4 dxc4 7. d5 a6 8. Ba4 b5 9. dxc6 bxa4 10. Qxa4 Ne7 11. O-O O-O 12. Nc3 Bf5 13. Re1 Bd3 {[%emt 0:07:25] A strong pair of Bishops.} 14. Ne4 Re8 {[%emt 0:18:12] The position is equal.} 15. Bd2 Rb8 16. Bc3 Nd5 17. Nxd6 Qxd6 18. Nd4 (18. Rxe8+ $11 Rxe8 19. Qxa6) 18... Nf4 19. Qd1 Rxe1+ 20. Qxe1 Qg6 21. g3 {[%emt 0:01:14] aiming for Qe5.} h5 $2 {[%emt 0:00:43] [#]} (21... Nh3+ 22. Kh1 Ng5 23. f3 $11) ({Black should play} 21... Ne2+ $11 22. Nxe2 Re8) 22. Qe5 $1 $16 Nh3+ 23. Kg2 Ng5 24. Re1 {[%emt 0:03:42] Black is weak on the dark squares} h4 $2 (24... Rc8 $16 {keeps fighting.} 25. f3 Nh7) 25. f3 (25. gxh4 Be4+ (25... Ne4+ 26. Kf3 $16) 26. Kf1 Bd3+ 27. Kg2 Be4+ (27... Ne4+ 28. Kf3 $14) 28. Kf1 Bd3+ 29. Kg2 $11) 25... Rc8 26. Qf4 (26. gxh4 $2 Ne4+ $19) 26... hxg3 27. hxg3 f6 {[%emt 0:01:10] [#]} 28. Qg4 {[%emt 0:03:50] Prevents Qh5} (28. g4 $1 $16) 28... Rd8 $2 (28... Re8 $1 $11 {and Black is okay.}) 29. Re7 $18 Qh6 30. Nf5 {[%emt 0:01:23] Active counter play!} (30. Rxc7 Bf1+ 31. Kxf1 Qh1+ 32. Kf2 Qh2+ 33. Ke1 Qg1+ 34. Ke2 (34. Kd2 Qf2+ 35. Kd1 Qf1+ 36. Kc2 Qd3+ 37. Kc1 Qf1+ 38. Kd2 Qg2+ 39. Ke1 Qg1+ 40. Kd2 Qf2+ 41. Kd1 Qf1+ 42. Kc2 Qd3+ 43. Kc1 Qf1+ 44. Kd2 Qf2+ $11) 34... Re8+ 35. Kd2 Qg2+ 36. Kd1 Qf1+ 37. Kd2 Qd3+ 38. Kc1 Qf1+ 39. Kc2 Qd3+ 40. Kc1 Qf1+ 41. Kc2 Qd3+ 42. Kc1 $11) (30. Qh4 $18 {And now Qxh6 would win.} Qg6 31. Rxc7) 30... Bxf5 $16 31. Qxf5 {[%emt 0:00:04][%cal Of3f4] f4! is the strong threat.} Rd1 {[%emt 0:00:26] ( -> ...Qh1+)} 32. Qc8+ {[%emt 0:01:38] Weighted Error Value: White=0.41/Black=0.40.  Loses game:     	---       	Black=2      Mistake:       	White=3     	Black=1      Inaccurate:     	White=4     	Black=1      OK:         	White=4     	Black=7      Best:        	White=2     	Black=3      Strong:       	White=1     	---} (32. Rxc7 {leads to mate.} Qh1+ 33. Kf2 Rf1+ (33... Qf1+ $2 34. Ke3 $19) 34. Ke3 Qg1+ (34... Rxf3+ $2 35. Qxf3 Qxf3+ 36. Kd4 $19) 35. Kf4 Rxf3+ 36. Kg4 Qxg3+ (36... Rxg3+ {gets mated.} 37. Kh5 Qh2+ 38. Qh3 Qxh3+ 39. Kg6 Qh7#) 37. Kh5 Qh2+ (37... Rxf5 {is a self mate.} 38. Rc8+ Kh7 39. Rh8+ Kxh8 40. Kg6 Qh4 41. Kxf5 Qe4#) (37... Rxf5 38. Rc8+ Kh7 39. Rh8+ Kxh8 40. Kg6 Qh4 41. Kxf5 Qe4#)) 1/2-1/2

[Event "Austrian Women Bundesliga 2023-24"]
[Site "Austria"]
[Date "2024.04.14"]
[Round "9.17"]
[White "Teuschler, Barbara"]
[Black "Mihok-Juhasz, Barbara"]
[Result "0-1"]
[ECO "B48"]
[WhiteElo "2052"]
[BlackElo "2247"]
[Annotator "RC"]
[PlyCount "62"]
[EventDate "2023.11.21"]
[EventType "team-tourn"]
[EventCountry "AUT"]
[SourceTitle "playchess.com"]
[Source "ChessBase"]
[SourceQuality "1"]
[TimeControl "40/5400+30:1800+30"]

1. e4 c5 2. Nf3 Nc6 3. Nc3 e6 4. d4 cxd4 5. Nxd4 Qc7 6. Be3 a6 7. g4 Nxd4 8. Qxd4 Ne7 9. O-O-O Nc6 10. Qd2 b5 11. Kb1 Ne5 12. Bf4 f6 13. h4 Bb7 14. f3 b4 15. Ne2 Rc8 16. Nd4 Bc5 17. Qg2 Qb6 18. Nb3 Be3 19. Bxe3 Qxe3 20. Nd4 Nxf3 21. Qxf3 Qxf3 22. Nxf3 Bxe4 23. Rd3 Bxd3 24. Bxd3 a5 25. Nd4 Ke7 26. h5 Rc5 27. a3 bxa3 28. b3 Rb8 29. Ka2 Rb4 30. c4 Rb6 31. Kxa3 Rd6 0-1

[Event "Austrian Women Bundesliga 2023-24"]
[Site "Austria"]
[Date "2024.04.14"]
[Round "9.18"]
[White "Cvitan, Ena"]
[Black "Myagmarsuren, Mandukhai"]
[Result "1/2-1/2"]
[ECO "D10"]
[WhiteElo "2252"]
[BlackElo "2079"]
[Annotator "TA"]
[PlyCount "107"]
[EventDate "2023.11.21"]
[EventType "team-tourn"]
[EventCountry "AUT"]
[SourceTitle "playchess.com"]
[Source "ChessBase"]
[SourceQuality "1"]
[TimeControl "40/5400+30:1800+30"]

1. d4 d5 2. c4 c6 3. cxd5 cxd5 4. Nc3 Nf6 5. Bf4 Nc6 6. e3 a6 7. Bd3 Bg4 8. Nge2 e6 9. O-O Bd6 10. f3 Bh5 11. Rc1 Bg6 12. Na4 Bxd3 13. Qxd3 Bxf4 14. Nxf4 O-O 15. Nc5 Qe7 16. Rc3 Rfd8 17. Ne2 Na5 18. b3 Rac8 19. Rfc1 Ra8 20. Qd2 Rd6 21. Nf4 Nc6 $1 22. Nfd3 Ne8 23. b4 h6 24. Nxa6 Na5 {[%emt 0:00:00] ...Nc4 would now be deadly.} (24... Rxa6 $5 25. b5 $8 Ra8 26. bxc6 Rxc6 $14) 25. Nac5 Nc4 26. Qe2 b6 27. Nb3 Nc7 28. Ne5 Nb5 29. Rxc4 dxc4 30. Rxc4 (30. Qxc4 $11 Qe8 31. Nd2) 30... f6 $17 31. Nd3 e5 ({Better is} 31... Qe8 32. Rc2 Rc6) 32. dxe5 fxe5 33. Nf2 Rad8 {[%emt 0:00:00][%mdl 1024] Black has compensation.} 34. h3 Qd7 35. Re4 {[%emt 0:01:33] [#]} (35. Rc1 $11) 35... Rd5 (35... Re6 $1 $17 {Hoping for ...Nc3.} 36. Rc4 Rc6 37. Rxc6 Qxc6) 36. Qb2 {[%emt 0:01:08] [#] Prevents Nc3} (36. Rc4 $11 {keeps the balance.}) 36... Qc7 $1 37. Rg4 $1 Nc3 38. Ne4 (38. Kh2 $1 $15) 38... Nxe4 39. Rxe4 Rc8 40. f4 (40. Qa3 $17 {was worth a try.}) 40... exf4 $19 41. exf4 Rf8 (41... Qc2 $19 42. Qxc2 Rxc2 43. Re8+ Kh7) 42. Nd4 $17 Qf7 (42... Rxf4 $2 {is the wrong capture.} 43. Qb3 $18) (42... Qd6 $5 43. Qb3 Kh8 $17 (43... Rxf4 $2 {loses.} 44. Rxf4 Kh8 45. Qf3 $18)) 43. Nf3 (43. Qb3 $11) 43... Rd1+ (43... Rd3 $17) 44. Kh2 $11 Qf5 45. Qe2 Kh7 46. a4 Rfd8 47. a5 bxa5 48. bxa5 Qxa5 (48... R8d6 $15) 49. Ng5+ $1 {[%emt 0:00:00] The position is equal.} hxg5 50. Qh5+ Kg8 51. Re8+ Rxe8 52. Qxe8+ Kh7 {[%emt 0:00:03] ( -> ...Qe1)} 53. Qh5+ Kg8 54. Qe8+ {[%emt 0:00:00] Weighted Error Value: White=0.23 (precise) /Black=0.18 (very precise) .  Mistake:       	White=6     	Black=5      Inaccurate:     	White=4     	Black=3      OK:         	White=5     	Black=13     Best:        	White=6     	Black=2      Strong:       	White=2     	Black=2} 1/2-1/2

[Event "Austrian Women Bundesliga 2023-24"]
[Site "Austria"]
[Date "2024.04.14"]
[Round "9.19"]
[White "Deak-Sala, Emilia"]
[Black "Karacsonyi, Kata"]
[Result "1-0"]
[ECO "B62"]
[WhiteElo "2053"]
[BlackElo "2152"]
[Annotator "TA"]
[PlyCount "127"]
[EventDate "2023.11.21"]
[EventType "team-tourn"]
[EventCountry "AUT"]
[SourceTitle "playchess.com"]
[Source "ChessBase"]
[SourceQuality "1"]
[TimeControl "40/5400+30:1800+30"]

1. e4 c5 2. Nf3 d6 3. d4 cxd4 4. Nxd4 Nf6 5. Nc3 Nc6 6. Bg5 e6 7. Qd3 Bd7 {[%emt 0:00:10] B62: Sicilian: Richter-Rauzer: 6...e6: Unusual White 7th moves.} 8. Ndb5 Nb4 $1 9. Qd1 Qb8 {[%emt 0:00:24] [#]} 10. e5 (10. Bxf6 $1 $14 {stays ahead.} gxf6 11. Nd4) 10... dxe5 $17 11. Bxf6 gxf6 12. a3 {[%emt 0:03:30] [#]} Nd5 $146 (12... a6 $1 $17 13. axb4 axb5 (13... Bxb5 14. Nxb5 Bxb4+ 15. c3 $16) 14. Bxb5 Bxb5 15. Nxb5 Rxa1 (15... Bxb4+ 16. c3 $17) 16. Qxa1 Bxb4+ 17. c3 Be7) ({Predecessor:} 12... Nc6 13. Ne4 Be7 14. Nbd6+ Kf8 15. Qh5 Bxd6 16. Nxf6 Ke7 17. Ne4 Nd4 18. Qg5+ Ke8 {0-1 Nikitenko,M (2526)-Petrosyan,M (2629) Aktobe Dvorkovich op 2023 (5)}) 13. Nxd5 $11 exd5 14. Qxd5 Bc6 15. Qb3 a6 16. Nc3 Qc7 17. O-O-O b5 18. Nd5 Bxd5 19. Qxd5 Rd8 20. Qxd8+ Qxd8 21. Rxd8+ Kxd8 22. b4 Rg8 23. g3 Rg4 24. Bd3 h6 25. c3 Bd6 26. f3 Rg8 27. Kb2 Ke7 28. Kb3 Rd8 29. Be4 Bc7 30. g4 Rd2 31. h4 Bb6 (31... a5 $14 32. bxa5 Bxa5) 32. Ra1 h5 (32... a5 $16 33. bxa5 Bxa5) 33. gxh5 $18 Ke6 34. h6 f5 35. h7 Rd8 36. Bb7 Rh8 37. Bxa6 Rxh7 38. Bxb5 e4 39. a4 Rxh4 40. a5 Ba7 41. Bc4+ Ke5 42. fxe4 (42. Bxf7 exf3 43. b5 Be3 $16) 42... f4 43. b5 (43. Bxf7 f3 44. b5 Be3 $18) 43... Rh6 (43... Be3 $142 44. Re1 (44. Bxf7 f3 $18) 44... Rh3) 44. b6 $18 Bxb6 45. axb6 Rxb6+ 46. Kc2 Kxe4 47. Bxf7 f3 48. Bc4 Rd6 49. Re1+ Kf4 50. Bd3 Rd8 51. c4 f2 52. Rc1 ({Inferior is} 52. Re4+ Kf3 53. Re7 Rxd3 54. Rf7+ Ke4 55. Rxf2 Ra3 $11) 52... Ke3 53. Bf1 Rc8 54. Rd1 Re8 55. c5 Re5 56. Rd3+ Kf4 57. Rc3 Re1 58. Bb5 Re5 59. Ba6 Re8 60. c6 Ra8 61. c7 Rc8 62. Kd2 Ke5 {[%emt 0:00:35] [#]} 63. Ke2 $1 (63. Bxc8 f1=Q $11) 63... Rf8 64. Kf1 (64. c8=B {gets mated.} f1=Q+ (64... f1=R 65. Re3+ Kd4 66. Rd3+ Kc5 67. Bcb7 $14) 65. Ke3 Rf3+ 66. Kd2 Rf2+ 67. Ke3 Qe1+ 68. Kd3 Qe4#) 1-0